 Dungeon Crawl Stone Soup version 0.30-a0-359-gd0147acb1a (webtiles) character file.

Game seed: 3027454228504616387

156 bande the Trooper (level 5, -3/33 HPs)
             Began as a Gargoyle Fighter on Nov 12, 2022.
             Slain by Sigmund
             ... wielding a +5 vorpal scythe
              (12 damage)
             ... on level 3 of the Dungeon.
             The game lasted 00:02:25 (1944 turns).

bande the Trooper (Gargoyle Fighter)                Turns: 1944, Time: 00:02:26

Health: -3/33      AC: 11    Str: 19    XL:     5   Next: 37%
Magic:  5/5        EV:  7    Int:  9    God:
Gold:   103        SH:  8    Dex: 11    Spells: 4/4 levels left

rFire   . . .      SeeInvis .    a - +0 war axe
rCold   . . .      Faith    .    n - +0 kite shield
rNeg    + . .      Spirit   .    b - +0 scale mail
rPois   ∞          Reflect  .    (no helmet)
rElec   +          Harm     .    (no cloak)
rCorr   .          Rampage  .    (no gloves)
Will    .....                    (no boots)
Stlth   ..........               (no amulet)
HPRegen 0.25/turn                (no ring)
MPRegen 0.09/turn                (no ring)

@: mighty
A: sickness immunity, AC +4, negative energy resistance 1, electricity
resistance, torment resistance 1, petrification resistance
a: no special abilities


You were on level 3 of the Dungeon.
You visited 1 branch of the dungeon, and saw 3 of its levels.

You collected 103 gold pieces.

Inventory:

Hand Weapons
 a - a +0 war axe (weapon)
Armour
 b - a +0 scale mail (worn)
 n - a +0 kite shield (worn)
Scrolls
 c - 3 scrolls of blinking {unknown}
 e - 3 scrolls of identify {unknown}
 g - a scroll of poison {unknown}
 h - a scroll of teleportation {unknown}
 l - a scroll of brand weapon {unknown}
 m - a scroll of fear {unknown}
 o - a scroll of summoning {unknown}
Potions
 f - a potion of mutation {unknown}
 i - a potion of berserk rage {unknown}
 j - 4 potions of brilliance {unknown}
 k - a potion of magic {unknown}


   Skills:
 + Level 4.1 Fighting
 + Level 3.5 Axes
 + Level 4.1 Armour
 + Level 3.7 Shields


You had 4 spell levels left.
You didn't know any spells.
Your spell library contained the following spells:

 Spells                   Type           Power      Damage    Failure   Level
 Ensorcelled Hibernation  Hex/Ice        0%         N/A       99%         2
 Passwall                 Tmut/Erth      0%         N/A       99%         2
 Portal Projectile        Hex/Tloc       0%         N/A       100%        3
 Swiftness                Air            0%         N/A       100%        3
 Tukima's Dance           Hex            0%         N/A       100%        3
 Blade Hands              Tmut           0%         N/A       100%        5


Dungeon Overview and Level Annotations

Branches:
Dungeon (3/15)

Altars:
Qazlal

Annotations:
D:3 Sigmund


Innate Abilities, Weirdness & Mutations

You are immune to sickness and miasma.
Your stone body is resilient. (AC +4)
You are immune to poison.
You resist negative energy. (rN+)
You are resistant to electric shocks. (rElec)
You are resistant to unholy torment.
You are immune to petrification.


Message History

You are too injured to fight recklessly!
You are too injured to fight recklessly!
You are too injured to fight recklessly!
You are too injured to fight recklessly!
Unknown command.
You feel very mighty all of a sudden. You block the adder's attack.
Sigmund gestures wildly while chanting.
Sigmund flickers and vanishes!
Deactivating autopickup; reactivate with Ctrl-A.
The adder barely misses you.
Unknown command.
You slash something! You hit the adder. The adder bites you but does no damage.
Something hits you. The adder closely misses you.
Unknown command.
You barely miss something. You slash the adder!
You kill the adder!
Something hits you but does no damage.
Unknown command.
You closely miss something. You hit the dart slug.
You hear a zap.
A bolt of light appears from out of thin air!
The bolt of light hits you but does no damage.
You are confused.
The now-empty wand crumbles to dust.
The dart slug bites you but does no damage.
You closely miss something. You hit the dart slug but do no damage.
Something hits you.
* * * LOW HITPOINT WARNING * * *
x2 The dart slug barely misses you.
You closely miss something. You hit the dart slug but do no damage.
You feel less confused. Something hits you but does no damage.
You block the dart slug's attack.
Unknown command.
You completely miss something. You slash the dart slug!
You kill the dart slug!
You hear some strange, mumbled words.
Something tries to affect you, but you resist.
Something hits you!
You die...

#.# .. #.# ..
#######.###. #..........
.......$# ......# # #
#{...# .# ### #
#.@..##.# #.# #
#####.†.....#######.###
........................
######....##########....
########'## ##...
..........## #...
########...# #... #.#.#
#... #.#.# #...


There were no monsters in sight!

Vanquished Creatures
  A hound (D:3)
  4 gnolls (D:2)
  4 adders
  3 dart slugs
  An orc (D:3)
  3 ball pythons
  4 bats
  5 endoplasms
  A giant cockroach (D:1)
  3 hobgoblins
  4 jackals (D:1)
  3 quokkas
  A frilled lizard (D:2)
  6 goblins
  A kobold (D:2)
  3 rats
47 creatures vanquished.

Vanquished Creatures (others)
  3 plants (D:2)
3 creatures vanquished.

Grand Total: 50 creatures vanquished

Notes
Turn   | Place    | Note
-------+----------+-------------------------------------------
     0 | D:1      | bande the Gargoyle Fighter began the quest for the Orb.
     0 | D:1      | Reached XP level 1. HP: 14/14 MP: 1/1
    15 | D:1      | Found a faded altar of an unknown god.
   184 | D:1      | Reached XP level 2. HP: 19/19 MP: 2/2
   319 | D:1      | Reached XP level 3. HP: 17/24 MP: 3/3
   670 | D:2      | Found a stormy altar of Qazlal.
   944 | D:2      | Reached XP level 4. HP: 29/29 MP: 4/4
  1761 | D:3      | Reached XP level 5. HP: 33/33 MP: 5/5
  1928 | D:3      | Noticed Sigmund
  1944 | D:3      | Slain by Sigmund

Illustrated notes

Levels and vault maps discovered:
D:1:      minmay_arrival_solitary_statue, layout_rooms,
          chequers_ecumenical_altar_island, minmay_pentomino_u2
D:2:      wad_lake_hut, layout_basic, basic_altar
D:3:      layout_basic, mainiacjoe_overflow_alcove_2, uniq_sigmund

Skill      XL: |  1  2  3  4 |
---------------+-------------+-----
Axes           | 2 3 |  3.5
Fighting       | 4 |  4.1
Armour         | 4 |  4.1
Shields        | |  3.7

Action                   |  1- 3 |  4- 6 || total
-------------------------+-------+-------++-------
Melee: War axe           |    88 |    73 ||   161
  Use: Potion            |       |     1 ||     1
Armor: Scale mail        |    62 |    47 ||   109
Dodge: Dodged            |    44 |    42 ||    86
Block: Buckler           |    15 |    11 ||    26
       Kite shield       |       |    27 ||    27

Table legend: (Time is in decaauts)
 A = Elapsed time spent in this place.
 B = Non-inter-level travel time spent in this place.
 C = Inter-level travel time spent in this place.
 D = Time resting spent in this place.
 E = Time spent auto-exploring this place.
 F = Levels seen in this place.
 G = Mean time per level.
                   A        B        C        D        E       F      G
               +--------+--------+--------+--------+--------+-----+--------+
         Total |   2063 |   2028 |     35 |    305 |   1274 |   3 |  687.7 |
       Dungeon |   2063 |   2028 |     35 |    305 |   1274 |   3 |  687.7 |
               +--------+--------+--------+--------+--------+-----+--------+

Top non-repeatable levels by time:
     D:2: 1181 daAuts
     D:1: 640 daAuts
     D:3: 242 daAuts
